 Dungeon Crawl Stone Soup version 0.30.1-11-g7821555f0a (webtiles) character file.

Game seed: 5632426531837073057

4 Chiseanne the Firebug (level 1, -1/15 HPs)
             Began as a Demonspawn Wanderer on Nov 24, 2023.
             Slain by a kobold
             ... wielding a +0 club
              (3 damage)
             ... on level 1 of the Dungeon.
             The game lasted 00:00:17 (45 turns).

Chiseanne the Firebug (Demonspawn Wanderer)           Turns: 45, Time: 00:00:17

Health: -1/15      AC:  3    Str: 12    XL:     1   Next: 50%
Magic:  3/3        EV: 11    Int: 11    God:
Gold:   14         SH:  0    Dex: 14    Spells: 3/4 levels left

rFire   . . .        a - +1 falchion
rCold   . . .        (no shield)
rNeg    . . .        c - +0 leather armour
rPois   .            (no helmet)
rElec   .            (no cloak)
rCorr   .            (no gloves)
SInv    .            (no boots)
Will    .....        (no amulet)
Stlth   +            (no ring)
HPRegen 0.22/turn    (no ring)
MPRegen 0.08/turn

%: no passive effects
@: no status effects
A: no striking features
a: no special abilities


You were on level 1 of the Dungeon.
You visited 1 branch of the dungeon, and saw 1 of its levels.

You collected 14 gold pieces.

Inventory:

Hand Weapons
 a - a +1 falchion (weapon)
Armour
 c - a +0 leather armour (worn)
Jewellery
 d - a ring of ice
Potions
 b - a potion of might


   Skills:
 * Level 1.2 Fighting
 - Level 1.7 Long Blades
 * Level 0.3 Armour
 * Level 0.3 Dodging
 - Level 2.0 Spellcasting
 - Level 3.6 Fire Magic
 - Level 1.0 Evocations


You had 3 spell levels left.
You knew the following spells:

 Your Spells              Type           Power      Damage    Failure   Level
a - Foxfire               Conj/Fire      20%        2x1d5     19%         1

Your spell library contained the following spells:

 Spells                   Type           Power      Damage    Failure   Level
 Scorch                   Fire           18%        2d6       13%         2
 Volatile Blastmotes      Fire/Tloc      10%        2d10      47%         3


Dungeon Overview and Level Annotations

Branches:
Dungeon (1/15)

Altars:


Message History

You completely miss the endoplasm.
The endoplasm is moderately wounded.
The endoplasm barely misses you.
You hit the endoplasm.
You kill the endoplasm!
The bat hits you but does no damage. The bat hits you but does no damage.
The bat hits you.
You hit the bat.
You kill the bat!
The hobgoblin hits you.
You hit the hobgoblin.
The hobgoblin is moderately wounded.
The hobgoblin hits you.
You slash the hobgoblin!
You kill the hobgoblin!
You barely miss the kobold. The kobold hits you with a +0 club.
You closely miss the kobold. The kobold hits you with a +0 club. x2
* * * LOW HITPOINT WARNING * * *
You are too injured to fight recklessly!
You are too injured to fight recklessly!
You are too injured to fight recklessly!
You are too injured to fight recklessly!
You are too injured to fight recklessly!
You are too injured to fight recklessly!
You are too injured to fight recklessly!
You are too injured to fight recklessly!
You are too injured to fight recklessly!
You are too injured to fight recklessly!
You are too injured to fight recklessly!
You are too injured to fight recklessly!
You are too injured to fight recklessly!
You are too injured to fight recklessly!
You are too injured to fight recklessly!
You are too injured to fight recklessly!
You are too injured to fight recklessly!
You are too injured to fight recklessly!
You hit the kobold.
The kobold is moderately wounded.
The kobold hits you with a +0 club.
You die...

..#≈≈≈ #. ...#.#≈..
#. ..##.#≈.P #.
##.##.#≈.. #. #
#..##.#♣♣. #.
.#.#.##..... #.
#.##.##.#♣♣.
#.#######.#...#.#≈..
#..@K...........#≈.♣
#########.#...###≈..
#.##...##≈≈≈
#.......####
####.#......
#......>. ###Kg....
#.#.... ..##...


You could see a kobold.

Vanquished Creatures
  A bat (D:1)
  An endoplasm (D:1)
  A hobgoblin (D:1)
3 creatures vanquished.

Notes
Turn   | Place    | Note
-------+----------+-------------------------------------------
     0 | D:1      | Chiseanne the Demonspawn Wanderer began the quest for the
                  | Orb.
     0 | D:1      | Chiseanne set off with the following items: a +1 falchion,
                  | a potion of might, a +0 leather armour; and the following
                  | spell memorised: Foxfire; and the following spells
                  | available to memorise: Scorch, Volatile Blastmotes.
     0 | D:1      | Reached XP level 1. HP: 15/15 MP: 3/3
    45 | D:1      | Slain by a kobold

Illustrated notes

Levels and vault maps discovered:
D:1:      ldierk_walled_garden, layout_loops_ring,
          chequers_ecumenical_altar_simple, st_stairs_3

Action                     || total
---------------------------++-------
  Melee: Falchion          ||    10
 Armour: Leather armour    ||     3
  Dodge: Dodged            ||     5
